 Dungeon Crawl Stone Soup version 0.28-a0-1199-gef9e1dbd39 (webtiles) character file.

Game seed: 8725874354517131931

149 fragbeetle the Poker (level 5, -1/41 HPs)
             Began as a Merfolk Gladiator on Dec 20, 2021.
             Slain by a wyvern zombie (8 damage)
             ... on level 4 of the Dungeon.
             The game lasted 00:05:47 (2347 turns).

fragbeetle the Poker (Merfolk Gladiator)            Turns: 2347, Time: 00:05:47

Health: -1/41      AC:  7    Str: 16    XL:     5   Next: 31%
Magic:  5/5        EV: 13    Int:  7    God:
Gold:   150        SH:  0    Dex: 16    Spells: 4/4 levels left

rFire   . . .      SeeInvis +   a - +0 trident
rCold   . . .      Faith    .   (no shield)
rNeg    . . .      Spirit   .   r - +0 ring mail
rPois   .          Reflect  .   c - +0 helmet
rElec   .          Harm     .   (no cloak)
rCorr   .          Rampage  .   f - +0 pair of gloves
Will    .....                   (no boots)
Stlth   +.........              i - amulet of regeneration
HPRegen 0.93/turn               e - ring of see invisible
MPRegen 0.09/turn               (no ring)

@: no status effects
A: (nimble swimmer 2), mertail
a: no special abilities


You were on level 4 of the Dungeon.
You visited 1 branch of the dungeon, and saw 4 of its levels.

You collected 150 gold pieces.

Inventory:

Hand Weapons
 a - a +0 trident (weapon)
Missiles
 d - 3 throwing nets
 g - 59 stones
 h - 25 poisoned darts (quivered)
Armour
 b - a +0 leather armour
 c - a +0 helmet (worn)
 f - a +0 pair of gloves (worn)
 r - a +0 ring mail (worn)
Jewellery
 e - a ring of see invisible (left hand)
 i - an amulet of regeneration (around neck)
Scrolls
 k - a scroll of blinking {unknown}
 o - 2 scrolls of teleportation {unknown}
 s - a scroll of immolation {unknown}
Potions
 j - 2 potions of might {unknown}
 l - 2 potions of curing {unknown}
 m - a potion of degeneration {unknown}
 n - a potion of haste {unknown}
 p - a potion of brilliance {unknown}
 q - a potion of cancellation {unknown}


   Skills:
 + Level 3.4 Fighting
 + Level 5.6 Polearms
 - Level 2.0 Throwing
 + Level 1.5 Armour
 + Level 5.1 Dodging
 + Level 0.3 Spellcasting


You had 4 spell levels left.
You didn't know any spells.
Your spell library contained the following spells:

 Spells                   Type           Power      Damage    Failure   Level
 Foxfire                  Conj/Fire      0%         2x1d4     63%         1
 Alistair's Intoxication  Tmut/Pois      0%         N/A       100%        5
 Borgnjor's Vile Clutch   Necr/Erth      0%         N/A       100%        5
 Eringya's Noxious Bog    Tmut/Pois      0%         N/A       100%        6
 Malign Gateway           Summ/Tloc      0%         N/A       100%        7
 Summon Horrible Things   Summ           0%         N/A       100%        8


Dungeon Overview and Level Annotations

Branches:
Dungeon (4/15)
 Temple: D:4-7

Altars:


Innate Abilities, Weirdness & Mutations

((You are quick and stealthy near water. (Stealth+, EV+, Speed+++)))
Your lower body shifts to a powerful aquatic tail in water.


Message History

Items here: ))) [ †.
Okay, then.
Things that are here:
a +0 dagger; a +0 robe; an orc corpse
Items here: ))) [ †.
There is a stone staircase leading up, spattered with blood here.
You start resting.
HP restored.
Items here: ))) [ †.
Found 17 gold pieces.
h - 24 poisoned darts (gained 1)
h - 25 poisoned darts (gained 1)
You now have 150 gold pieces (gained 17).
A wyvern zombie comes into view.
You hit the wyvern zombie.
The wyvern zombie is lightly damaged.
The wyvern zombie bites you! x2
You hit the wyvern zombie.
The wyvern zombie is lightly damaged.
The wyvern zombie bites you! The wyvern zombie barely misses you.
You hit the wyvern zombie but do no damage.
The wyvern zombie is lightly damaged.
The wyvern zombie misses you.
You hit the wyvern zombie.
The wyvern zombie is lightly damaged.
The wyvern zombie misses you.
You barely miss the wyvern zombie.
The wyvern zombie is lightly damaged.
The wyvern zombie bites you!
* * * LOW HITPOINT WARNING * * *
The wyvern zombie closely misses you.
You hit the wyvern zombie.
The wyvern zombie is moderately damaged.
The wyvern zombie bites you.
* * * LOW HITPOINT WARNING * * *
You hit the wyvern zombie.
The wyvern zombie is moderately damaged.
The wyvern zombie bites you!
You die...

#.#.#.#.
#.#.#.#.
#.####.....#.
#.......#..#.
######....##.
#.#.....
#.#####.
#############.#
##
#.Z@..........#
#.#############
... ###. #. #.
#. #.


You could see a wyvern zombie.

Vanquished Creatures
  2 orc wizards
  2 adders
  3 worms
  A dart slug (D:3)
  5 orcs
  6 ball pythons
  4 bats
  6 endoplasms
  6 giant cockroaches
  5 goblins
  6 hobgoblins
  7 kobolds
  A quokka (D:1)
  3 frilled lizards (D:1)
  4 rats
61 creatures vanquished.

Vanquished Creatures (others)
  A fungus (D:3)
  2 plants (D:3)
3 creatures vanquished.

Grand Total: 64 creatures vanquished

Notes
Turn   | Place    | Note
-------+----------+-------------------------------------------
     0 | D:1      | fragbeetle the Merfolk Gladiator began the quest for the
                  | Orb.
     0 | D:1      | Reached XP level 1. HP: 16/16 MP: 1/1
   192 | D:1      | Reached XP level 2. HP: 22/23 MP: 2/2
   655 | D:1      | Reached XP level 3. HP: 28/28 MP: 3/3
   994 | D:2      | Reached skill level 5 in Polearms
  1188 | D:2      | Reached skill level 1 in Armour
  1623 | D:3      | Reached XP level 4. HP: 35/35 MP: 4/4
  1910 | D:3      | Reached skill level 5 in Dodging
  2067 | D:3      | Reached XP level 5. HP: 41/41 MP: 5/5
  2127 | D:3      | Found a faded altar of an unknown god.
  2132 | D:3      | Got Plato's Reference Book on the Volcanoes
  2347 | D:4      | Slain by a wyvern zombie

Illustrated notes

Levels and vault maps discovered:
D:1:      amcnicky_arrival_blooded_trapdoor, layout_loops_ring,
          minmay_tetromino_o2
D:2:      layout_basic
D:3:      layout_loops_ring, shapermc_ecumenical_altar_rom_forum
D:4:      layout_loops_ring, temple_statues, serial_shops,
          nicolae_shop_hallway_stairs

Skill      XL: |  1  2  3  4 |
---------------+-------------+-----
Polearms       | 5 |  5.6
Armour         | 1 |  1.5
Fighting       | 3 |  3.4
Dodging        | 5 |  5.1
Throwing       | |  2.0
Spellcasting   | |  0.3

Action                   |  1- 3 |  4- 6 || total
-------------------------+-------+-------++-------
Melee: Trident           |   138 |    75 ||   213
Throw: Dart              |     1 |     6 ||     7
 Stab: Sleeping          |     2 |       ||     2
Armor: Leather armour    |    32 |     2 ||    34
       Ring mail         |       |    15 ||    15
Dodge: Dodged            |    72 |    35 ||   107

Table legend: (Time is in decaauts)
 A = Elapsed time spent in this place.
 B = Non-inter-level travel time spent in this place.
 C = Inter-level travel time spent in this place.
 D = Time resting spent in this place.
 E = Time spent auto-exploring this place.
 F = Levels seen in this place.
 G = Mean time per level.
                   A        B        C        D        E       F      G
               +--------+--------+--------+--------+--------+-----+--------+
         Total |   2356 |   2288 |     68 |     12 |   1633 |   4 |  589.0 |
       Dungeon |   2356 |   2288 |     68 |     12 |   1633 |   4 |  589.0 |
               +--------+--------+--------+--------+--------+-----+--------+

Top non-repeatable levels by time:
     D:2: 832 daAuts
     D:1: 784 daAuts
     D:3: 643 daAuts
     D:4: 95 daAuts
